[Event "Team 45 45 League T80"]
[Site "Internet Chess Club"]
[Date "2019.03.29"]
[Round "1"]
[White "Chess4Him"]
[Black "mongmong"]
[Result "1-0"]
[WhiteElo "1538"]
[BlackElo "1483"]
[Opening "Queen's pawn"]
[ECO "A40"]
[Time "20:33:34"]
[TimeControl "2700+45"]

1. d4 e6 2. Bf4 Nf6 3. Nf3 b6 4. e3 Bb7 5. Bd3 d6 6. Nbd2 Nbd7 7. O-O Be7 8. h3
O-O 9. c3 c5 10. a4 cxd4 11. exd4 Nd5 12. Bg3 f6 13. Nc4 e5 14. Qe2 Rb8 15. Nh4
g6 16. Qg4 Rf7 17. Nf5 Bf8 18. Ncxd6 Bxd6 19. Nxd6 Rf8 20. Nxb7 Rxb7 21. Qe6+
{Black resigns} 1-0

[Event "Team 45 45 League T80"]
[Site "Internet Chess Club"]
[Date "2019.03.30"]
[Round "1"]
[White "smsxman"]
[Black "BrerRabbit"]
[Result "0-1"]
[WhiteElo "1383"]
[BlackElo "1403"]
[Opening "King's pawn opening"]
[ECO "B07"]
[Time "10:34:26"]
[TimeControl "2700+45"]

1. e4 d6 2. Nf3 Nf6 3. Nc3 e5 4. Bc4 Nxe4 5. Bxf7+ Kxf7 6. Nxe4 Be7 7. O-O Rf8
8. d3 Kg8 9. c3 Kh8 10. Qc2 Nd7 11. d4 Nf6 12. Neg5 exd4 13. cxd4 Bd7 14. b3 d5
15. Ne5 Kg8 16. Be3 Qc8 17. Rae1 Bb4 18. Ra1 Bf5 19. Qe2 Bd6 20. h3 h6 21. Ngf3
Nd7 22. g4 Be4 23. Rac1 c6 24. Nd2 Bh7 25. Ndf3 Nxe5 26. Nxe5 Qe6 27. f4 Be4 28.
Bd2 Bxe5 29. dxe5 Rf7 30. Bc3 Raf8 31. f5 Qe7 32. e6 Qc5+ 33. Kh2 Qd6+ 34. Kg1
Qg3+ {White resigns} 0-1

[Event "Team 45 45 League T80"]
[Site "Internet Chess Club"]
[Date "2019.03.31"]
[Round "1"]
[White "stantheman59"]
[Black "Just-Jim"]
[Result "0-1"]
[WhiteElo "1230"]
[BlackElo "1380"]
[Opening "Queen's pawn"]
[ECO "A40"]
[Time "11:03:41"]
[TimeControl "2700+45"]

1. d4 c6 2. Nf3 Qa5+ 3. Bd2 Qd8 4. c4 h6 5. e4 e6 6. Nc3 Be7 7. Bd3 Nf6 8. O-O
O-O 9. e5 Nh7 10. Bxh7+ Kxh7 11. Ne4 d5 12. cxd5 exd5 13. Ng3 g6 14. h3 a5 15.
Qc2 f5 16. exf6 Bxf6 17. Nh5 Bf5 18. Nxf6+ Qxf6 19. Qc1 g5 20. Re1 Nd7 21. g4
Be4 22. Nxg5+ hxg5 23. f4 gxf4 24. Rf1 Qxd4+ 25. Rf2 Nc5 26. Bc3 Qd3 27. Rxf4
Qg3+ {White resigns} 0-1

[Event "Team 45 45 League T80"]
[Site "Internet Chess Club"]
[Date "2019.03.29"]
[Round "1"]
[White "noblitz-oblige"]
[Black "Tjet"]
[Result "1/2-1/2"]
[WhiteElo "1507"]
[BlackElo "1433"]
[Opening "Sicilian: Najdorf, Zagreb (fianchetto) variation"]
[ECO "B91"]
[Time "03:04:55"]
[TimeControl "2700+45"]

1. e4 c5 2. Nf3 d6 3. d4 cxd4 4. Nxd4 a6 5. Nc3 Nf6 6. g3 e5 7. Nde2 Be7 8. Bg2
Be6 9. O-O O-O 10. Be3 Nbd7 11. f4 Ng4 12. Qd3 Nxe3 13. Qxe3 Qb6 14. Qxb6 Nxb6
15. f5 Bc4 16. b3 Bxe2 17. Nxe2 Rac8 18. c4 Nd7 19. Nc3 Nb6 20. Rad1 Rc7 {Game
drawn by mutual agreement} 1/2-1/2

[Event "Team 45 45 League T80"]
[Site "Internet Chess Club"]
[Date "2019.03.30"]
[Round "1"]
[White "rkjulianjr"]
[Black "chesskix"]
[Result "0-1"]
[WhiteElo "1314"]
[BlackElo "1406"]
[Opening "Budapest: Adler variation"]
[ECO "A52"]
[Time "12:00:35"]
[TimeControl "2700+45"]

1. d4 Nf6 2. c4 e5 3. dxe5 Ng4 4. Nf3 Nc6 5. Bf4 Bb4+ 6. Nbd2 d6 7. a3 dxe5 8.
Nxe5 Bxd2+ 9. Qxd2 Qxd2+ 10. Bxd2 Ngxe5 11. b3 O-O 12. Bf4 Be6 13. e3 Rac8 14.
Be2 Ng6 15. Bg3 Nce7 16. h3 Nf5 17. Bh2 Nfh4 18. O-O Nf5 19. Bf3 c6 20. Ra2 Rfd8
21. Re1 Rd3 22. Rb2 Rcd8 23. Bc7 R8d7 24. Be2 Rd2 25. Rxd2 Rxd2 26. Ba5 Rb2 27.
Rd1 h6 28. Rd8+ Kh7 29. Bd3 Rxb3 30. g4 Nfh4 31. f4 Nf3+ 32. Kf2 Ng5 33. Bxg6+
fxg6 34. fxg5 hxg5 35. Bb4 b6 36. Bf8 c5 37. Re8 Bxc4 38. Re7 Kg8 39. Bxg7 Rxa3
40. Bh6 Ra2+ 41. Kg3 Bf1 42. Rg7+ Kh8 43. Rxg6 Kh7 44. Rd6 Rg2+ 45. Kf3 Rh2 46.
Bxg5 Rxh3+ 47. Kf2 Bb5 48. Bd8 Rh6 49. Bf6 Rg6 50. g5 c4 51. Rd8 Rg8 52. g6+
Kxg6 53. Rxg8+ Kxf6 54. Rc8 Kf5 55. Ke2 Ke4 56. Kd2 a5 57. Re8+ Bxe8 58. Kc3 Bf7
59. Kb2 Kxe3 60. Kc3 b5 61. Kb2 b4 62. Kc2 a4 63. Kb2 Kd3 64. Kc1 a3 65. Kb1 c3
66. Ka1 b3 67. Kb1 a2+ {White resigns} 0-1

[Event "Team 45 45 League T80"]
[Site "Internet Chess Club"]
[Date "2019.03.30"]
[Round "1"]
[White "kingsrook"]
[Black "CMAlge"]
[Result "0-1"]
[WhiteElo "1163"]
[BlackElo "1296"]
[Opening "QGD: exchange, positional line"]
[ECO "D35"]
[Time "13:01:29"]
[TimeControl "2700+45"]

1. d4 d5 2. c4 e6 3. Nc3 Nf6 4. cxd5 exd5 5. Bg5 Be7 6. e3 O-O 7. Bd3 Ng4 8.
Bxe7 Qxe7 9. Nxd5 Qd6 10. h3 Nxf2 11. Kxf2 Qxd5 12. Qc2 g6 13. Qxc7 Bf5 14. Qc2
Bxd3 15. Qxd3 Nd7 16. Qe2 Rac8 17. Nf3 Nf6 18. Rhe1 Ne4+ 19. Kg1 Rfe8 20. a3 Ng3
21. Qf2 Ne4 22. Qe2 Re6 23. Rac1 Rec6 24. Rxc6 Rxc6 25. Ne5 Re6 26. Qf3 Rf6 27.
Qg4 Rf5 {White forfeits on time} 0-1

[Event "Team 45 45 League T80"]
[Site "Internet Chess Club"]
[Date "2019.04.01"]
[Round "1"]
[White "clarinetref"]
[Black "Visin"]
[Result "1-0"]
[WhiteElo "1439"]
[BlackElo "1172"]
[Opening "Queen's pawn game, Chigorin variation"]
[ECO "A04"]
[Time "09:07:06"]
[TimeControl "2700+45"]

1. Nf3 Nc6 2. d4 d5 3. c4 Nf6 4. g3 e6 5. a3 Be7 6. Bg2 dxc4 7. Qa4 Bd7 8. Qxc4
Rb8 9. O-O Na5 10. Qc2 b6 11. Bd2 Nb7 12. Ne5 h6 13. Nc3 Bd6 14. Nxd7 Qxd7 15.
Nb5 Qxb5 16. Bc6+ Qxc6 17. Qxc6+ Ke7 18. e4 Nh7 19. e5 Nd8 20. exd6+ {Black
resigns} 1-0

[Event "Team 45 45 League T80"]
[Site "Internet Chess Club"]
[Date "2019.03.30"]
[Round "1"]
[White "oldmanpatzer"]
[Black "XGG123"]
[Result "0-1"]
[WhiteElo "1200"]
[BlackElo "1450"]
[Opening "Sicilian: accelerated fianchetto, exchange variation"]
[ECO "B34"]
[Time "23:30:39"]
[TimeControl "2700+45"]

1. e4 c5 2. Nf3 Nc6 3. d4 cxd4 4. Nxd4 g6 5. Nxc6 bxc6 6. Bd3 Bg7 7. c3 Nf6 8.
O-O d5 9. exd5 cxd5 10. Qa4+ Bd7 11. Bb5 O-O 12. Bxd7 Qxd7 13. Qxd7 Nxd7 14. Be3
Rfb8 15. b3 Rc8 16. Bd2 d4 17. Rc1 a5 18. c4 a4 19. b4 d3 20. Bc3 Rxc4 21. a3
{White resigns} 0-1

[Event "Team 45 45 League T80"]
[Site "Internet Chess Club"]
[Date "2019.03.30"]
[Round "1"]
[White "sdcohle"]
[Black "Conjurer"]
[Result "0-1"]
[WhiteElo "1370"]
[BlackElo "1254"]
[Opening "Canard opening"]
[ECO "A45"]
[Time "13:01:41"]
[TimeControl "2700+45"]

1. d4 Nf6 2. f4 e6 3. Nf3 c5 4. e3 Nc6 5. c3 a6 6. Bd3 d5 7. Nbd2 b5 8. O-O g6
9. Ne5 Nxe5 10. fxe5 Ne4 11. Nxe4 dxe4 12. Bxe4 Ra7 13. Qf3 Bg7 14. Qxf7+ Rxf7
15. Bc6+ Bd7 16. Rxf7 Kxf7 17. Be4 Rf8 18. Bd2 Kg8 19. Be1 Qg5 20. Bf2 c4 21.
Re1 h5 22. h4 Qh6 23. Bg3 g5 24. hxg5 Qxg5 25. Bf4 Qe7 26. g3 h4 27. g4 h3 28.
Kh2 Qh4 29. Rg1 Qf2+ 30. Kh1 Qxb2 31. Rg3 Qc1+ 32. Rg1 Qxc3 33. Rg3 Qe1+ 34. Rg1
Qh4 35. Rg3 Rxf4 36. Rf3 Rxe4 37. Kh2 Qxg4 38. Rg3 Qe2+ 39. Kxh3 Qf1+ 40. Kh2
Rh4+ 41. Rh3 Rxh3# {White checkmated} 0-1

[Event "Team 45 45 League T80"]
[Site "Internet Chess Club"]
[Date "2019.04.01"]
[Round "1"]
[White "guyd52"]
[Black "seldredg"]
[Result "1/2-1/2"]
[WhiteElo "1196"]
[BlackElo "1273"]
[Opening "Réti opening"]
[ECO "A04"]
[Time "16:00:42"]
[TimeControl "2700+45"]

1. Nf3 g6 2. g3 Bg7 3. Bg2 d6 4. e4 f5 5. d3 e5 6. Bg5 Nf6 7. Nbd2 O-O 8. O-O c6
9. c3 Be6 10. Bh3 h6 11. Be3 Qc8 12. Nh4 Kf7 13. exf5 gxf5 14. f4 Rg8 15. fxe5
dxe5 16. Bxf5 Bxf5 17. Nxf5 Qe6 18. Qh5+ Nxh5 19. Nd4+ Qf6 20. Rxf6+ Nxf6 21.
Nf5 Rd8 22. d4 Ng4 23. Nb3 Nxe3 24. Nxe3 b6 25. Rf1+ Ke6 26. Nf5 Bf8 27. g4 a5
28. Re1 Nd7 29. h3 Ra7 30. Kg2 c5 31. dxc5 Nxc5 32. Nbd4+ Kd5 33. Ne3+ Ke4 34.
Nc4+ Kf4 35. Nc6 Rd3 36. Rf1+ Ke4 37. Nxa7 Be7 38. Re1+ Kf4 39. Nxe5 Rg3+ 40.
Kh2 Re3 41. Rxe3 Kxe3 42. Nc4+ Kf2 43. Nxb6 Bd6+ 44. Kh1 Ne4 45. Nc4 Ng3+ 46.
Kh2 Bf4 47. h4 Nf1+ 48. Kh1 Kg3 49. g5 hxg5 50. hxg5 Bxg5 51. Kg1 Nh2 52. Nc6
Nf3+ 53. Kf1 a4 54. b3 axb3 55. axb3 Bf6 56. Ke2 Bxc3 57. Kd3 Be1 58. Ne7 Kf4
59. Nd5+ Kg3 60. Nc3 Kg4 61. b4 Bg3 62. b5 Kf4 63. Na4 Ne5+ 64. Nxe5 Kxe5 65.
Kc4 Kd6 66. Nc5 Kc7 {Game drawn by mutual agreement} 1/2-1/2

[Event "Team 45 45 League T80"]
[Site "Internet Chess Club"]
[Date "2019.03.30"]
[Round "1"]
[White "Gojira"]
[Black "misuc56"]
[Result "0-1"]
[WhiteElo "1608"]
[BlackElo "1604"]
[Opening "Queen's pawn, Mason variation"]
[ECO "D00"]
[Time "08:11:54"]
[TimeControl "2700+45"]

1. d4 d5 2. Bf4 e6 3. e3 f5 4. Nf3 Nf6 5. Bd3 c6 6. c4 Bd6 7. Nc3 O-O 8. Qc2 Ne4
9. Ne5 Qe7 10. g4 Nd7 11. gxf5 exf5 12. cxd5 Nxc3 13. Nxd7 Bxd7 14. Bxd6 Qxd6
15. bxc3 Qxd5 16. Rg1 Kh8 17. Rb1 b6 18. Rb2 Rae8 19. c4 Qxd4 20. Kd2 Qf6 21.
Rgb1 g6 22. Qa4 Ra8 23. Qa6 Bc8 24. Qa4 Bb7 25. c5 b5 26. Qa5 Rfd8 27. Qc7 Qg7
28. Qf4 Rd5 29. Rc2 Rad8 30. Rc3 g5 31. Qb4 Qe5 32. a4 a6 33. Qb2 Kg8 34. Rg1 h6
35. h4 Rxd3+ {White resigns} 0-1

[Event "Team 45 45 League T80"]
[Site "Internet Chess Club"]
[Date "2019.03.29"]
[Round "1"]
[White "Covenanteer"]
[Black "Bizzy-Ketty"]
[Result "0-1"]
[WhiteElo "1550"]
[BlackElo "1564"]
[Opening "Caro-Kann defense"]
[ECO "B10"]
[Time "10:30:23"]
[TimeControl "2700+45"]

1. e4 c6 2. f4 d5 3. e5 Bf5 4. d4 e6 5. Nf3 h6 6. b3 Nd7 7. Be2 Ne7 8. Ba3 Ng6
9. Bxf8 Ndxf8 10. Qd2 Nh4 11. O-O Nfg6 12. Na3 O-O 13. c4 Nxf3+ 14. Bxf3 Qh4 15.
g3 Qe7 16. c5 Bh3 17. Rf2 b5 18. b4 Qc7 19. Nc2 a5 20. a3 axb4 21. Nxb4 Ra7 22.
Qc3 Bf5 23. Rfa2 Ne7 24. Re1 Rfa8 25. g4 Bh7 26. h4 Ng6 27. f5 Nxh4 28. fxe6
fxe6 29. Bd1 Rf8 30. Qg3 g5 31. Re3 Be4 32. Rh2 Kg7 33. Rxh4 gxh4 34. Qxh4 Qf7
35. Be2 Qf4 36. Qg3 Qxg3+ 37. Rxg3 Rc7 38. g5 Rf4 39. gxh6+ Kxh6 40. Rg4 Rxg4+
41. Bxg4 Rg7 42. Nxc6 Rxg4+ 43. Kf2 Rg7 44. Nd8 Bf5 45. Nc6 Rc7 46. Nb4 Kg7 47.
Ke2 Kf7 48. Kd2 Ke7 49. Kc3 Bg6 50. Kb3 Be8 51. Kc3 Ra7 52. Kb3 Kd7 53. Kb2 Kc7
54. Kb3 Bh5 55. Kb2 Be2 56. Nc2 Ra4 57. Nb4 Bd1 58. Ka2 Ra8 59. Kb2 Kb7 60. Ka2
Rh8 61. Kb2 Rh3 62. Na2 Rb3+ 63. Kc1 Rxa3 64. c6+ Kc7 65. Nb4 Ra4 66. Nxd5+ exd5
67. Kxd1 Rxd4+ 68. Kc2 Re4 {White resigns} 0-1

[Event "Team 45 45 League T80"]
[Site "Internet Chess Club"]
[Date "2019.03.31"]
[Round "1"]
[White "Electryon"]
[Black "liujf"]
[Result "0-1"]
[WhiteElo "1462"]
[BlackElo "1585"]
[Opening "Queen's pawn: London system"]
[ECO "A45"]
[Time "15:02:06"]
[TimeControl "2700+45"]

1. d4 Nf6 2. Bf4 g6 3. Nc3 Bg7 4. e4 d6 5. Qd2 O-O 6. Bh6 c5 7. Bxg7 Kxg7 8.
dxc5 dxc5 9. O-O-O Qc7 10. h4 Nc6 11. f3 h5 12. Be2 a6 13. Qg5 Nd4 14. Nd5 Nxd5
15. exd5 Qd7 16. g4 hxg4 17. fxg4 f6 18. Qe3 Qxd5 19. Qxe7+ Rf7 20. Bf3 Rxe7 21.
Bxd5 Bxg4 22. Bxb7 Rb8 23. Rxd4 cxd4 24. Bxa6 Ra7 25. Bc4 Rc8 26. Bb3 Rd7 27.
Rh2 f5 28. Be6 Re7 29. Bxc8 Re1+ 30. Kd2 Rd1# {White checkmated} 0-1

[Event "Team 45 45 League T80"]
[Site "Internet Chess Club"]
[Date "2019.03.29"]
[Round "1"]
[White "Tjet"]
[Black "tryanything"]
[Result "1/2-1/2"]
[WhiteElo "1436"]
[BlackElo "1502"]
[Opening "English opening"]
[ECO "A20"]
[Time "19:01:21"]
[TimeControl "2700+45"]

1. c4 e5 2. g3 Nf6 3. Bg2 d5 4. cxd5 Nxd5 5. Nc3 c6 6. Qb3 Nxc3 7. Qxc3 Bd6 8.
d3 O-O 9. Nf3 Qe7 10. O-O f6 11. a3 Be6 12. Be3 Nd7 13. b4 Rfc8 14. Rfc1 Nb6 15.
Bc5 Nd5 16. Bxd6 Qxd6 17. Qb2 a6 18. Nd2 b5 19. Ne4 Qe7 20. Nc5 Bf7 21. Rc2 Nb6
22. Rac1 Bd5 23. Bxd5+ cxd5 24. Qb3 Kh8 25. a4 bxa4 26. Nxa4 Rxc2 27. Rxc2 Nxa4
28. Qxa4 {Game drawn by mutual agreement} 1/2-1/2

[Event "Team 45 45 League T80"]
[Site "Internet Chess Club"]
[Date "2019.03.29"]
[Round "1"]
[White "kidviper"]
[Black "joaoazm"]
[Result "0-1"]
[WhiteElo "1842"]
[BlackElo "1661"]
[Opening "Queen's pawn: Torre attack"]
[ECO "A46"]
[Time "11:13:09"]
[TimeControl "2700+45"]

1. d4 Nf6 2. Nf3 e6 3. Bg5 Be7 4. e3 c5 5. Nbd2 b6 6. Bd3 Bb7 7. O-O cxd4 8.
exd4 O-O 9. Re1 d6 10. Qe2 Nc6 11. c3 Rc8 12. Bxf6 Bxf6 13. Ne4 Be7 14. a4 Rc7
15. Ng3 g6 16. Qe3 Bf6 17. Ne4 Bg7 18. h4 e5 19. dxe5 Nxe5 20. Nxe5 dxe5 21. Qh3
Bd5 22. Rad1 f5 23. Ng5 Qa8 24. c4 Bxc4 25. Bxc4+ Rxc4 26. Ne6 Re8 27. Nxg7 Kxg7
28. Rd7+ Kg8 29. Qb3 Qc6 30. Rxa7 Kh8 31. Rd1 Rd4 32. Rxd4 exd4 33. Qf7 Qc1+ 34.
Kh2 Qf4+ 35. Kh3 Qg4+ 36. Kh2 Qxh4+ 37. Kg1 Re1# {White checkmated} 0-1

[Event "Team 45 45 League T80"]
[Site "Internet Chess Club"]
[Date "2019.03.28"]
[Round "1"]
[White "WillC"]
[Black "KidRattler"]
[Result "0-1"]
[WhiteElo "1664"]
[BlackElo "1650"]
[Opening "Queen's pawn game"]
[ECO "A46"]
[Time "18:04:42"]
[TimeControl "2700+45"]

1. d4 Nf6 2. Nf3 e6 3. b3 d5 4. Bb2 Nbd7 5. e3 c5 6. Bd3 b6 7. O-O Bd6 8. Nbd2
Bb7 9. Rc1 O-O 10. c4 Re8 11. Ne5 Bxe5 12. dxe5 Ne4 13. f4 Qe7 14. Qc2 f5 15.
exf6 Ndxf6 16. Nf3 Rad8 17. Rcd1 Ng4 18. Bc1 h6 19. h3 Ngf6 20. Kh2 a5 21. Ne5
dxc4 22. Bxc4 Rxd1 23. Rxd1 Nd6 24. Ng6 Qc7 25. Bd3 Nd5 26. a3 b5 27. Ne5 Nf6
28. Bg6 Rd8 29. Bb2 Be4 30. Bxe4 Ndxe4 31. Nd3 c4 32. bxc4 Qxc4 33. Qxc4 bxc4
34. Nf2 Rxd1 35. Nxd1 Nd5 36. Kg1 c3 37. Bc1 c2 38. Nb2 Ndc3 39. Kf1 Na2 40. Nd3
Nc5 41. Nxc5 Nxc1 42. Ke1 Na2 43. Nb3 a4 44. Nc1 Nxc1 45. Kd2 Nd3 46. Kxc2 Ne1+
47. Kc3 Nxg2 48. Kb4 Nxe3 49. Kxa4 Nc2 50. Kb3 Nxa3 51. Kxa3 Kf7 {White resigns}
0-1

[Event "Team 45 45 League T80"]
[Site "Internet Chess Club"]
[Date "2019.03.29"]
[Round "1"]
[White "CMAlge"]
[Black "KidBoa"]
[Result "1/2-1/2"]
[WhiteElo "1285"]
[BlackElo "1276"]
[Opening "Scandinavian (center counter) defense"]
[ECO "B01"]
[Time "15:13:40"]
[TimeControl "2700+45"]

1. e4 d5 2. exd5 Qxd5 3. Nc3 Qa5 4. d4 c6 5. Bc4 Nf6 6. Ne2 Bf5 7. Ng3 e6 8.
Nxf5 Qxf5 9. Bd3 Qa5 10. Bd2 Qb6 11. Be3 Qxb2 12. Na4 Bb4+ 13. Ke2 Qa3 14. c4
Be7 15. c5 b5 16. cxb6 axb6 17. Nxb6 Nd5 18. Nxd5 exd5 19. Qb3 Qxb3 20. axb3
Rxa1 21. Rxa1 O-O 22. Ra7 Bd6 23. g3 Rc8 24. Bf5 Rc7 25. Rxc7 Bxc7 26. Bf4 Bxf4
27. gxf4 g6 28. Bd3 Kf8 29. Kf3 Ke7 30. Kg4 f5+ 31. Kg5 Kf7 32. b4 Kg7 33. b5
h6+ 34. Kh4 cxb5 35. Bxb5 Kf6 36. Kg3 g5 37. fxg5+ hxg5 38. h4 gxh4+ 39. Kxh4
Kg6 40. f3 Kh6 41. f4 Kg6 42. Ba4 Na6 43. Be8+ Kh6 44. Bd7 Kg6 45. Be6 Nc7 46.
Bd7 {Game drawn by mutual agreement} 1/2-1/2

[Event "Team 45 45 League T80"]
[Site "Internet Chess Club"]
[Date "2019.04.01"]
[Round "1"]
[White "Bible-Believer"]
[Black "rubo"]
[Result "0-1"]
[WhiteElo "1360"]
[BlackElo "1564"]
[Opening "Réti opening"]
[ECO "A05"]
[Time "20:00:26"]
[TimeControl "2700+45"]

1. Nf3 Nf6 2. g3 d5 3. Bg2 c5 4. O-O Nc6 5. b3 e5 6. Bb2 Bd6 7. d3 O-O 8. Nbd2
Bf5 9. Qe1 Re8 10. e4 dxe4 11. dxe4 Bg4 12. h3 Bxf3 13. Nxf3 Nd4 14. Nxd4 cxd4
15. c3 Bc5 16. cxd4 Bxd4 17. Bxd4 Qxd4 18. Rd1 Qb6 19. Qe2 Red8 20. Rxd8+ Rxd8
21. Rd1 h6 22. Rxd8+ Qxd8 23. Qb5 Qc7 24. Qa4 b6 25. Bf1 g6 26. Qc4 Qxc4 27.
Bxc4 Nxe4 28. Bd5 Nc3 {White resigns} 0-1

[Event "Team 45 45 League T80"]
[Site "Internet Chess Club"]
[Date "2019.03.28"]
[Round "1"]
[White "Balderdash"]
[Black "rgadoury"]
[Result "1-0"]
[WhiteElo "1342"]
[BlackElo "1360"]
[Opening "Vienna game"]
[ECO "C26"]
[Time "19:01:02"]
[TimeControl "2700+45"]

1. e4 e5 2. Bc4 Nf6 3. Nc3 c6 4. Nf3 Bd6 5. Ng5 O-O 6. d3 Bb4 7. Bd2 Bxc3 8.
Bxc3 d6 9. h3 Nbd7 10. d4 d5 11. exd5 cxd5 12. Bd3 e4 13. Be2 a5 14. Qd2 b6 15.
O-O-O h6 16. h4 Ba6 17. Bxa6 Rxa6 18. Qe2 Ra7 19. Nh3 Nb8 20. Nf4 Qd6 21. g3 Qc6
22. g4 Qc4 23. Qxc4 dxc4 24. g5 hxg5 25. hxg5 Nh7 26. Rdg1 g6 27. Nd5 b5 28.
Nf6+ Nxf6 29. gxf6 b4 30. Bd2 Nd7 31. Bh6 Nxf6 32. Bxf8 Kxf8 33. Rh8+ Kg7 34.
Rc8 c3 35. b3 a4 36. Kb1 axb3 37. cxb3 Nd5 38. Rg5 Nf4 39. Rb5 Nd3 40. Rbb8 Nxf2
41. Rxb4 Nd1 42. a4 e3 43. Kc2 Re7 44. Kxd1 Re4 45. Ke2 g5 46. Rxc3 g4 47. Rxe3
{Black resigns} 1-0

[Event "Team 45 45 League T80"]
[Site "Internet Chess Club"]
[Date "2019.03.28"]
[Round "1"]
[White "SeniorCitizen"]
[Black "Toalla"]
[Result "0-1"]
[WhiteElo "1263"]
[BlackElo "1327"]
[Opening "Four knights game"]
[ECO "C47"]
[Time "14:04:38"]
[TimeControl "2700+45"]

1. e4 Nf6 2. Nc3 e5 3. Nf3 Nc6 4. d3 Bc5 5. h3 h6 6. Be2 d6 7. O-O O-O 8. Bd2 a6
9. Qc1 Kh7 10. a3 Ne7 11. Be3 Bxe3 12. Qxe3 c5 13. Nd2 Ng6 14. Kh2 Nf4 15. Nd5
N6xd5 16. exd5 f5 17. Bf3 Qh4 18. Rh1 Ng6 19. Qe2 Nf4 20. Qe3 Ng6 21. Qe2 f4 22.
g4 fxg3+ 23. fxg3 Qxh3+ 24. Kg1 Qxg3+ 25. Qg2 Qxg2+ 26. Kxg2 Nf4+ 27. Kg3 Rf5
28. Be4 Ne2+ 29. Kh4 g6 30. Bxf5 Bxf5 31. Nc4 Rd8 32. Rae1 g5+ 33. Kh5 Ng3#
{White checkmated} 0-1

[Event "Team 45 45 League T80"]
[Site "Internet Chess Club"]
[Date "2019.03.28"]
[Round "1"]
[White "idjit"]
[Black "LuFran"]
[Result "0-1"]
[WhiteElo "1636"]
[BlackElo "1652"]
[Opening "French: MacCutcheon, Lasker variation, 8...g6"]
[ECO "C12"]
[Time "19:04:03"]
[TimeControl "2700+45"]

1. e4 e6 2. d4 d5 3. Nc3 Nf6 4. Bg5 Bb4 5. e5 h6 6. Bd2 Bxc3 7. bxc3 Ne4 8. Qg4
g6 9. Bd3 Nxd2 10. Kxd2 c5 11. Nh3 c4 12. Be2 Bd7 13. Nf4 Qe7 14. a4 Bc6 15. h4
h5 16. Qh3 Nd7 17. g4 O-O-O 18. gxh5 gxh5 19. Nxh5 Rdg8 20. a5 Rg6 21. Rag1 Rhg8
22. Rxg6 Rxg6 23. Nf4 Rh6 24. h5 Qg5 25. Qh4 Qxh4 26. Rxh4 b6 27. axb6 Nxb6 28.
Rg4 a5 29. Rg8+ Kd7 30. Rg7 Ke8 31. Rg8+ Ke7 32. Rb8 Na8 33. Rb1 a4 34. Ng2 Nc7
35. Ne3 a3 36. Ng4 Rxh5 37. Ra1 Nb5 38. Nf6 Rh2 39. Ke3 Rh3+ 40. f3 Rh2 41. Kd2
Rh4 42. Ng4 Kd8 43. Bd1 Rh1 44. Nf2 Rh2 45. Ke3 Nxc3 {White resigns} 0-1

[Event "Team 45 45 League T80"]
[Site "Internet Chess Club"]
[Date "2019.03.30"]
[Round "1"]
[White "tasawyer81"]
[Black "Dwilkes"]
[Result "1-0"]
[WhiteElo "1210"]
[BlackElo "991"]
[Opening "Nimzo-Indian: classical, Noa variation"]
[ECO "E34"]
[Time "08:11:00"]
[TimeControl "2700+45"]

1. d4 Nf6 2. c4 e6 3. Nc3 Bb4 4. Qc2 d5 5. Bf4 c5 6. e3 b6 7. Nf3 Bb7 8. Be2 Nc6
9. O-O O-O 10. cxd5 exd5 11. Nb5 cxd4 12. exd4 Rc8 13. Qb3 Ba6 14. Ne5 Bxb5 15.
Bxb5 Nxd4 16. Qxb4 Nc2 17. Qa4 Nxa1 18. Rxa1 d4 19. Nc6 Rxc6 20. Bxc6 d3 21. Rd1
Ng4 22. h3 Nxf2 23. Kxf2 Qh4+ 24. Kg1 Rd8 25. Qe4 g6 26. Rxd3 Rxd3 27. Qe8+ Kg7
28. Be5+ Kh6 29. Qf8+ Kg5 30. Qe7+ Kh5 31. g4+ {Black resigns} 1-0

[Event "Team 45 45 League T80"]
[Site "Internet Chess Club"]
[Date "2019.03.27"]
[Round "1"]
[White "oldbookseller"]
[Black "grekor"]
[Result "0-1"]
[WhiteElo "1062"]
[BlackElo "1145"]
[Opening "Queen's pawn game"]
[ECO "D04"]
[Time "14:00:20"]
[TimeControl "2700+45"]

1. d4 d5 2. Nf3 Nf6 3. e3 Bg4 4. Nbd2 Bxf3 5. Nxf3 Nc6 6. c3 e6 7. Bd3 Bd6 8. h3
O-O 9. O-O e5 10. dxe5 Nxe5 11. Bc2 c6 12. Qd4 Nxf3+ 13. gxf3 Nh5 14. Qd3 Qg5+
15. Kh1 f5 16. f4 Qh4 17. e4 fxe4 18. Qe3 Bxf4 19. Qd4 Qxh3+ {White resigns} 0-1